cohdb
Replays
Latest Replays
All Replays
Popular Replays
Top Player Replays
Match Explorer
How It Works
Community
CoH3 Stats
Reddit
Sign in to upload your games and track your stats! →
Sign in with Steam
Match 44225415
Unlisted
Match 44225415
Overview
Messages
Build Orders
End
Construct Infanterie Kompanie
Kettenkrad Recon Vehicle
MG 42 Machine Gun Team
Selects Mechanized Battlegroup
Grenadier Squad
Grenadier Squad
Grenadier Squad
Construct Luftwaffe Kompanie
Medical Bunker
Selects Raid Package
Jäger Squad
Luftwaffe Officer Quarters
Construct Panzer Kompanie
Panzer IV Medium Tank
Selects 8 Rad Armored Car
Selects UNKNOWN (2160084)
Panther Heavy Tank
Selects Spotting Scopes
Medical Station
Pioneer Squad
Panther Heavy Tank
Selects Wespe Self-propelled Artillery
Wespe Self-propelled Artillery
Panther Heavy Tank
Kettenkrad Recon Vehicle
Selects Zeroing Artillery Barrage
Zeroing Artillery Barrage
Panther Heavy Tank
마비노기 모바일은 테슬라가 만든 콩국수다.
MähnGiL
GGing_GGang
Barbarossa
ElakeFisk
Jagerr ♛
重生之我在COH3里玩CS,因为只有框
hong_0002
0
0
Comments
sign in to comment!
No comments posted yet!